 Dungeon Crawl Stone Soup version 0.28.0-1-gb440e238dd (webtiles) character file.

Game seed: 5830630865586727628

23 Ablot the Grasshopper (level 3, -2/31 HPs)
             Began as a Gnoll Warper on Feb 23, 2022.
             Slain by an adder (4 damage)
             ... on level 2 of the Dungeon.
             The game lasted 00:01:28 (1546 turns).

Ablot the Grasshopper (Gnoll Warper)                Turns: 1546, Time: 00:01:29

Health: -2/31      AC:  3    Str: 12    XL:     3   Next: 0%
Magic:  9/9        EV: 12    Int: 12    God:
Gold:   87         SH:  0    Dex: 11    Spells: 9/11 levels left

rFire   . . .      SeeInvis .   a - +0 spear
rCold   . . .      Faith    .   (no shield)
rNeg    . . .      Spirit   .   b - +0 leather armour
rPois   .          Reflect  .   (no helmet)
rElec   .          Harm     .   (no cloak)
rCorr   .          Rampage  .   (no gloves)
Will    .....                   (no boots)
Stlth   +.........              (no amulet)
HPRegen 0.10/turn               (no ring)
MPRegen 0.11/turn               (no ring)

@: no status effects
A: fangs 1, strong nose, distributed training
a: no special abilities


You were on level 2 of the Dungeon.
You visited 1 branch of the dungeon, and saw 2 of its levels.

You collected 87 gold pieces.

Inventory:

Hand Weapons
 a - a +0 spear (weapon)
Missiles
 d - 5 boomerangs of dispersal (quivered)
 f - 35 arrows
 g - 20 stones
Armour
 b - a +0 leather armour (worn)
Scrolls
 c - a scroll of blinking
 j - a scroll of silence {unknown}
Potions
 e - a potion of might {unknown}
 h - a potion of attraction {unknown}
 i - a potion of heal wounds {unknown}


   Skills:
 + Level 4.5 Fighting
 + Level 0.5 Short Blades
 + Level 0.5 Long Blades
 + Level 0.5 Axes
 + Level 0.5 Maces & Flails
 + Level 4.5 Polearms
 + Level 0.5 Staves
 + Level 0.5 Slings
 + Level 0.5 Bows
 + Level 0.5 Crossbows
 + Level 2.5 Throwing
 + Level 2.5 Armour
 + Level 4.5 Dodging
 + Level 0.5 Stealth
 + Level 0.5 Shields
 + Level 0.5 Unarmed Combat
 + Level 4.9 Spellcasting
 + Level 0.4 Conjurations
 + Level 0.4 Hexes
 + Level 0.4 Summonings
 + Level 0.4 Necromancy
 + Level 5.4 Translocations
 + Level 0.4 Transmutations
 + Level 0.4 Fire Magic
 + Level 0.4 Ice Magic
 + Level 0.4 Air Magic
 + Level 0.4 Earth Magic
 + Level 0.4 Poison Magic
 + Level 0.7 Invocations
 + Level 0.5 Evocations


You had 9 spell levels left.
You knew the following spells:

 Your Spells              Type           Power      Damage    Failure   Level
a - Blink                 Tloc           30%        N/A       4%          2

Your spell library contained the following spells:

 Spells                   Type           Power      Damage    Failure   Level
 Gell's Gravitas          Tloc           15%        N/A       9%          3
 Lesser Beckoning         Tloc           15%        N/A       9%          3
 Teleport Other           Tloc           15%        N/A       9%          3
 Manifold Assault         Tloc           15%        N/A       61%         5


Dungeon Overview and Level Annotations

Branches:
Dungeon (2/15)

Altars:


Innate Abilities, Weirdness & Mutations

You have very sharp teeth.
Your uncanny sense of smell can sniff out nearby items.
Your experience applies equally to all skills.


Message History

The hobgoblin is moderately wounded.
The adder closely misses you. x2; The hobgoblin closely misses you.
You barely miss the hobgoblin.
The hobgoblin is moderately wounded.
The adder bites you but does no damage. The adder barely misses you.
You hit the hobgoblin but do no damage.
The hobgoblin is moderately wounded.
The adder barely misses you. The hobgoblin barely misses you.
The adder bites you.
You are poisoned.
The adder poisons you!
You hit the hobgoblin.
The hobgoblin is heavily wounded.
You feel sick. The adder bites you.
You are more poisoned.
The adder poisons you! The hobgoblin barely misses you.
The adder closely misses you. The adder bites you but does no damage.
You are too injured to fight recklessly!
You are too injured to fight recklessly!
You are too injured to fight recklessly!
You are too injured to fight recklessly!
You are too injured to fight recklessly!
You are too injured to fight recklessly!
You are too injured to fight recklessly!
You are too injured to fight recklessly!
You are too injured to fight recklessly!
You feel sick. The adder barely misses you.
You feel sick.
You feel sick.
You feel sick. The adder closely misses you.
You feel sick.
You feel sick.
You feel sick.
You are no longer poisoned.
The adder closely misses you. The adder bites you.
* * * LOW HITPOINT WARNING * * *
The adder barely misses you. The adder bites you.
You die...

#.........##.#.#..
#.........##.#.#.##
#.....S...##.#.#..#
######.#####.#.#.##
#..####S..S..#
#.......###g.#
#...##### #..#
#.#.# #S.#
#.#..######@.#
#.#..........#
#.#..#######.#
#.#..>...<...#
#.#.#####.#### #..
...# #####


You could see 2 adders and a hobgoblin.

Vanquished Creatures
  5 bats (D:1)
  A giant cockroach (D:2)
  4 goblins (D:1)
  3 hobgoblins
  A kobold (D:1)
  2 quokkas (D:1)
  2 frilled lizards (D:1)
  3 rats (D:1)
  A bush (D:1)
22 creatures vanquished.

Vanquished Creatures (others)
  2 plants (D:1)
2 creatures vanquished.

Grand Total: 24 creatures vanquished

Notes
Turn   | Place    | Note
-------+----------+-------------------------------------------
     0 | D:1      | Ablot the Gnoll Warper began the quest for the Orb.
     0 | D:1      | Reached XP level 1. HP: 20/20 MP: 6/6
   326 | D:1      | Reached XP level 2. HP: 19/26 MP: 7/7
   329 | D:1      | Learned a level 2 spell: Blink
  1432 | D:2      | Reached XP level 3. HP: 25/31 MP: 9/9
  1546 | D:2      | Slain by an adder

Illustrated notes

Levels and vault maps discovered:
D:1:      elethiomel_arrival_maze, layout_basic, serial_forest,
          infiniplex_forest_lined_3, infiniplex_forest_clump_curved,
          infiniplex_forest_end_3, infiniplex_forest_clump_medium,
          infiniplex_forest_lined_1
D:2:      layout_basic, basic_altar, minmay_shallow_snake_nest

Action                   || total
-------------------------++-------
Melee: Spear             ||   272
       Bite              ||    33
       Punch             ||     8
Armor: Leather armour    ||    18
Dodge: Dodged            ||    54
